 Dungeon Crawl Stone Soup version 0.30-a0-591-g3c58d2bc28 (webtiles) character file.

Game seed: 6291142072595731183

140 gelatine the Firebug (level 5, -1/37 HPs)
             Began as a Demonspawn Fire Elementalist on Jan 5, 2023.
             Was an Initiate of Yredelemnul.
             Constricted to death by Blork the orc (6 damage)
             ... on level 4 of the Dungeon.
             The game lasted 00:05:00 (1483 turns).

gelatine the Firebug (Demonspawn Fire Elementalist) Turns: 1483, Time: 00:05:00

Health: -1/37      AC:  2    Str:  5 (8)  XL:     5   Next: 2%
Magic:  0/9        EV:  9    Int: 22 (24) God:    Yredelemnul [......]
Gold:   72         SH:  5    Dex: 12 (14) Spells: 7/10 levels left

rFire   . . .      SeeInvis .    (no weapon)
rCold   . . .      Faith    .    (no shield)
rNeg    . . .      Spirit   .    a - +0 robe
rPois   .          Reflect  +    (no helmet)
rElec   .          Harm     .    (no cloak)
rCorr   .          Rampage  .    (no gloves)
Will    .....                    (no boots)
Stlth   ++                       e - amulet of reflection
HPRegen 0.26/turn                f - +6 ring of intelligence
MPRegen 0.11/turn                (no ring)

@: grasped by roots, constricted
A: hooves 1
a: Renounce Religion, Recall Undead Harvest


You were on level 4 of the Dungeon.
You worshipped Yredelemnul.
Yredelemnul was noncommittal.
You visited 1 branch of the dungeon, and saw 3 of its levels.

You collected 72 gold pieces.

Inventory:

Armour
 a - a +0 robe (worn)
Jewellery
 e - an amulet of reflection (around neck)
 f - a +6 ring of intelligence (left hand)
Scrolls
 c - a scroll of immolation
 g - a scroll of enchant weapon {unknown}
 h - a scroll of teleportation {unknown}
 i - a scroll of butterflies {unknown}
 j - 2 scrolls of enchant armour {unknown}
Potions
 d - a potion of degeneration


   Skills:
 * Level 1.2 Fighting
 + Level 2.0 Dodging
 + Level 2.0 Stealth
 + Level 0.3 Unarmed Combat
 + Level 3.0 Spellcasting
 + Level 1.4 Conjurations
 + Level 3.5 Fire Magic
 * Level 2.1 Invocations


You had 7 spell levels left.
You knew the following spells:

 Your Spells              Type           Power      Damage    Failure   Level
a - Foxfire               Conj/Fire      56%        2x1d6     4%          1
b - Scorch                Fire           36%        2d7       4%          2

Your spell library contained the following spells:

 Spells                   Type           Power      Damage    Failure   Level
 Inner Flame              Hex/Fire       11%        N/A       19%         3
 Kindle Blastsparks       Fire/Tloc/Air  16%        2d11      22%         3
 Flame Wave               Conj/Fire      14%        2d6       41%         4


Dungeon Overview and Level Annotations

Branches:
Dungeon (2/15)

Altars:
Yredelemnul

Annotations:
D:4 Blork the orc


Innate Abilities, Weirdness & Mutations

You have large cloven feet.


Message History

Blork the orc points at you and mumbles some strange words.
The magic dart hits you! The hobgoblin barely misses you.
Your quokka zombie barely misses the hobgoblin.
You barely miss the hobgoblin. The hobgoblin hits you.
Your quokka zombie bites the hobgoblin but does no damage.
You hit the hobgoblin but do no damage. You kick the hobgoblin.
The hobgoblin is heavily wounded.
The hobgoblin hits you.
Your quokka zombie misses the hobgoblin.
You closely miss the hobgoblin. Your kick misses the hobgoblin.
The hobgoblin is heavily wounded.
The hobgoblin hits you.
Your quokka zombie bites the hobgoblin but does no damage.
You hit the hobgoblin.
The hobgoblin is heavily wounded.
Blork the orc zaps a wand.
The roots erupt in riotous growth!
The grasping roots grab you! Roots grab your quokka zombie.
The hobgoblin is unaffected.
The grasping roots constrict your quokka zombie!
The grasping roots constrict you. The hobgoblin barely misses you.
Your quokka zombie barely misses Blork the orc.
Casting: Foxfire (safe; 4% risk of failure)
Confirm with . or Enter, or press ? or * to list all spells.
You conjure some foxfire!
Blork the orc gestures at you while chanting.
The puff of frost hits you.
* * * LOW HITPOINT WARNING * * *
The grasping roots constrict your quokka zombie.
Your quokka zombie is destroyed!
The grasping roots constrict you.
* * * LOW HITPOINT WARNING * * *
The hobgoblin barely misses you.
You closely miss the hobgoblin. You kick the hobgoblin.
You kill the hobgoblin!
The foxfire hits Blork the orc but does no damage.
The foxfire hits Blork the orc.
Blork the orc is lightly wounded.
The grasping roots constrict you.
You die...
Your body rises from the dead as a mindless zombie.

###.......########
....##.......###...##
....................#
#..................##
#...)......##....###
............#...##
..............###
.......§§....##
......o@§.####
#......§### ....###..
... ...# . #...#
#####


You could see Blork the orc.

Vanquished Creatures
  A necrophage (D:4)
  Jessica (D:2)
  An adder (D:2)
  2 ball pythons (D:2)
  4 endoplasms
  2 giant cockroaches (D:2)
  2 goblins (D:1)
  5 hobgoblins
  3 jackals
  2 quokkas
  3 bats (D:1)
  4 frilled lizards
  2 kobolds (D:2)
  2 rats
34 creatures vanquished.

Vanquished Creatures (collateral kills)
  2 worms (D:2)
  2 kobolds (D:2)
4 creatures vanquished.

Vanquished Creatures (others)
  An endoplasm zombie (D:2)
  A giant cockroach zombie (D:2)
  A quokka zombie (D:4)
  A rat zombie (D:2)
  79 foxfires
83 creatures vanquished.

Grand Total: 121 creatures vanquished

Notes
Turn   | Place    | Note
-------+----------+-------------------------------------------
     0 | D:1      | gelatine the Demonspawn Fire Elementalist began the quest
                  | for the Orb.
     0 | D:1      | Reached XP level 1. HP: 13/13 MP: 3/3
   140 | D:1      | Found a faded altar of an unknown god.
   166 | D:1      | Prayed at the altar of an unknown god.
   166 | D:1      | Became a worshipper of Yredelemnul the Dark
   166 | D:1      | Reached * piety under Yredelemnul
   319 | D:1      | Gained mutation: You have large cloven feet. [demonic
                  | ancestry]
   319 | D:1      | Reached XP level 2. HP: 19/19 MP: 1/5
   865 | D:2      | Learned a level 2 spell: Scorch
  1125 | D:2      | Noticed Jessica
  1132 | D:2      | Reached XP level 3. HP: 19/25 MP: 3/6
  1152 | D:2      | Killed Jessica
  1153 | D:2      | Reached skill level 1 in Invocations
  1266 | D:2      | Identified the +0 leather armour of Broken Taboos {rPois
                  | rF- Int+4 Stlth+}
  1335 | D:2      | Reached ** piety under Yredelemnul
  1346 | D:2      | Reached XP level 4. HP: 31/31 MP: 4/8
  1434 | D:2      | You fall into a shaft and drop 2 floors!
  1462 | D:4      | Noticed a necrophage
  1467 | D:4      | Killed a necrophage
  1468 | D:4      | Reached skill level 1 in Fighting
  1468 | D:4      | Reached XP level 5. HP: 37/37 MP: 2/9
  1476 | D:4      | Noticed Blork the orc
  1483 | D:4      | Constricted to death by Blork the orc

Illustrated notes

Levels and vault maps discovered:
D:1:      dpeg_arrival_yet_another_circle, layout_rooms,
          hellmonk_ecumenical_altar_blasted
D:2:      layout_loops_ring, basic_altar, kennysheep_generic_room_14,
          uniq_jessica
D:4:      layout_cave_pools, uniq_sigmund, uniq_blork_the_orc, uniq_menkaure

Skill      XL: |  1  2  3  4 |
---------------+-------------+-----
Fire Magic     | 3 |  3.5
Dodging        | 2 |  2.0
Stealth        | 2 |  2.0
Invocations    | 1 2 |  2.1
Fighting       | 1 |  1.2
Spellcasting   | 3 |  3.0
Unarmed Combat | |  0.3
Conjurations   | |  1.4

Action                   |  1- 3 |  4- 6 || total
-------------------------+-------+-------++-------
Melee: Unarmed           |    48 |    10 ||    58
       Kick              |    12 |     2 ||    14
 Cast: Foxfire           |    41 |     6 ||    47
       Scorch            |     9 |     2 ||    11
  Use: Potion            |     1 |     1 ||     2
Armor: Robe              |     4 |     1 ||     5
Dodge: Dodged            |    34 |     5 ||    39
Block: Other             |    12 |     2 ||    14

Table legend: (Time is in decaauts)
 A = Elapsed time spent in this place.
 B = Non-inter-level travel time spent in this place.
 C = Inter-level travel time spent in this place.
 D = Time resting spent in this place.
 E = Time spent auto-exploring this place.
 F = Levels seen in this place.
 G = Mean time per level.
                   A        B        C        D        E       F      G
               +--------+--------+--------+--------+--------+-----+--------+
         Total |   1481 |   1460 |     21 |      0 |   1158 |   3 |  493.7 |
       Dungeon |   1481 |   1460 |     21 |      0 |   1158 |   3 |  493.7 |
               +--------+--------+--------+--------+--------+-----+--------+

Top non-repeatable levels by time:
     D:1: 794 daAuts
     D:2: 638 daAuts
     D:4: 48 daAuts
